 Dungeon Crawl Stone Soup version 0.20.0 (webtiles) character file.

89 drpain the Sneak (level 4, 0/22 HPs)
             Began as a Spriggan Assassin on June 1, 2017.
             Succumbed to an adder's poison
             ... on level 2 of the Dungeon.
             The game lasted 00:04:47 (1990 turns).

drpain the Sneak (Spriggan Assassin)                Turns: 1990, Time: 00:04:48

Health: 0/22       AC:  3    Str:  7    XL:     4   Next: 31%
Magic:  5/5        EV: 22    Int: 12    God:
Gold:   82         SH:  0    Dex: 18    Spells: 3/3 levels left

rFire    . . .     SeeInvis +   w - +2 dagger
rCold    . . .     Gourm    .   (shield restricted)
rNeg     . . .     Faith    .   c - +0 robe
rPois    .         Spirit   .   (helmet restricted)
rElec    .         Reflect  .   d - +0 cloak
rCorr    .         Harm     .   (gloves unavailable)
MR       .....                  (boots unavailable)
Stlth    +++.......             (no amulet)
Regen    0.1/turn               (no ring)
MPRegen  0.1/turn               (no ring)

@: lethally poisoned (0 -> -2), berserk cooldown, flying, hasted and slowed,
very quick
A: unfitting armour, see invisible, herbivore 3, speed 3, slow metabolism 2
a: no special abilities


You were on level 2 of the Dungeon.
You were not hungry.

You visited 1 branch of the dungeon, and saw 2 of its levels.

You collected 82 gold pieces.

Inventory:

Hand Weapons
 f - a +0 blowgun
 w - a +2 dagger (weapon)
 F - a +0 hunting sling
Missiles
 b - 2 curare-tipped needles
 e - 8 poisoned needles
 h - 69 stones (quivered)
Armour
 c - a +0 robe (worn)
 d - a +0 cloak (worn)
Jewellery
 i - an uncursed ring of protection from fire {unknown}
 j - a +6 ring of dexterity {unknown}
 m - an uncursed ring of see invisible {unknown}
 p - a +1 ring of protection {unknown}
Scrolls
 k - a scroll of fear {unknown}
 n - a scroll of teleportation
Comestibles
 g - a bread ration


   Skills:
 - Level 1.5 Fighting
 - Level 2.1 Short Blades
 - Level 2.0 Throwing
 + Level 6.0 Dodging
 - Level 6.0 Stealth


You had 3 spell levels left.
You didn't know any spells.

Dungeon Overview and Level Annotations

Branches:
Dungeon (2/15)

Altars:


Innate Abilities, Weirdness & Mutations

You are very small and have problems with some larger weapons.
You are too small for most types of armour.
You have supernaturally acute eyesight. (SInv)
You are a herbivore.
You cover ground extremely quickly.
You need consume almost no food.


Message History

You miss the adder.
The adder is almost dead.
You barely miss the adder.
The adder is almost dead.
You feel sick. The adder bites you.
* * * LOW HITPOINT WARNING * * *
You puncture the adder!
You kill the adder!
Your Dodging skill increases to level 6!
You are no longer berserk.
You pass out from exhaustion.
You feel yourself slow down.
* * * LOW HITPOINT WARNING * * *
You feel sick.
You can move again.
It was a potion of flight.
You feel very buoyant.
You fly up into the air.
It was a potion of haste.
You feel yourself speed up.
You die...

.#.##..##.#......##.##.#.#.......
.#.##.....#.###..##..............
.................................
...##.....#..##..##.##.#..#......
.................................
....#..##.#..###.##.#..#..#......
...##..##.#..###.##.......#......
.................##.......#......
...##..#........@...............#
.............###########..#.#....
.......#..##.# #.........
...##..#.†##.# #.........
.............# #..#.#...#
.............# #.........
..######..##.# ##.#.##..# ..#
#..##.# #.#.# ..# ..######..##†#
.# #


There were no monsters in sight!

Vanquished Creatures
  Terence (D:2)
  2 adders
  An ooze (D:2)
  A worm (D:2)
  A leopard gecko (D:2)
  A giant cockroach (D:1)
  6 goblins
  3 hobgoblins (D:1)
  10 jackals (D:2)
  3 kobolds
  A frilled lizard (D:1)
  5 rats
35 creatures vanquished.

Notes
Turn   | Place    | Note
-------+----------+-------------------------------------------
     0 | D:1      | drpain the Spriggan Assassin began the quest for the Orb.
     0 | D:1      | Reached XP level 1. HP: 10/10 MP: 2/2
   278 | D:1      | Reached XP level 2. HP: 14/14 MP: 3/3
  1194 | D:2      | Reached XP level 3. HP: 18/18 MP: 4/4
  1610 | D:2      | Found a faded altar of an unknown god.
  1655 | D:2      | Noticed Terence
  1659 | D:2      | Killed Terence
  1659 | D:2      | Reached skill level 5 in Dodging
  1659 | D:2      | Reached XP level 4. HP: 22/22 MP: 5/5
  1987 | D:2      | HP: 1/22 [poisoned by an adder]
  1990 | D:2      | Succumbed to an adder's poison

Skill      XL: |  1  2  3  4 |
---------------+-------------+-----
Stealth        | 6 |  6.0
Dodging        | 2 4 5 6 |  6.0
Fighting       | |  1.5
Short Blades   | |  2.1
Throwing       | |  2.0

Action                   |  1- 3 |  4- 6 || total
-------------------------+-------+-------++-------
Melee: Dagger            |    86 |    70 ||   156
 Fire: Blowgun           |     9 |       ||     9
  Use: Scroll            |     1 |       ||     1
       Potion            |       |     3 ||     3
 Stab: Sleeping          |    10 |     1 ||    11
Armor: Robe              |     6 |     6 ||    12
Dodge: Dodged            |    57 |    67 ||   124
